AoeStats
← roterfeger

Arabia

506851269Analyzed
1v1 RM · 18d ago on Sep 15, 2026· 37m 3s· 2 players
Game mode
Random Map
Map size
Tiny (2 player)
Population
200
Speed
Normal
Resources
Standard
Victory
Conquest
Starting age
Dark Age
Ending age
Imperial Age
RankedLock teamsTeams togetherTeam positionsShared explorationLock speedFull tech treeHidden civsTurbo modeCheats
Victory
Defeat
🇩🇪 Berbers · Germany
1184
+17
🇹🇼 Wei · Taiwan
1196
-17
roterfeger
5:47 Loom
9:00 Feudal Age
10:00 Double-Bit Axe
10:32 Horse Collar
17:16 Wheelbarrow
20:16 Castle Age
18:32 Gold Mining
19:24 Bloodlines
19:28 Scale Barding Armor
20:34 Forging
21:29 Bow Saw
21:36 Town Watch
21:54 Husbandry
22:26 Stone Mining
23:42 Heavy Plow
25:55 Chain Barding Armor
28:11 Fletching
29:14 Kasbah
29:29 Padded Archer Armor
31:11 Bodkin Arrow
31:31 Leather Archer Armor
32:41 Ballistics
34:02 Thumb Ring
37:41 Imperial Age
456314walet
6:31 Loom
9:13 Feudal Age
9:46 Double-Bit Axe
10:00 Horse Collar
21:21 Castle Age
20:07 Fletching
22:36 Bow Saw
23:10 Bodkin Arrow
26:46 Ballistics
28:44 Padded Archer Armor
28:57 Bloodlines
28:49 Husbandry
30:21 Thumb Ring
33:40 Gold Mining
33:40 Stone Mining
34:36 Leather Archer Armor
38:45 Imperial Age
Connection lost

Rejoining the realm…

Still unreachable

The connection could not be restored.

Session expired

The server has moved on; the page needs a fresh start.